 Dungeon Crawl Stone Soup version 0.25-a0-316-gd28d56f9c5 (webtiles) character file.

Game seed: 12962494867362503052, levelgen mode: deterministic

25 qipqqq the Insei (level 2, -3/23 HPs)
             Began as a Demonspawn Gladiator on Dec 25, 2019.
             Was an Initiate of Dithmenos.
             Slain by a leopard gecko (5 damage)
             ... on level 2 of the Dungeon.
             The game lasted 00:00:50 (669 turns).

qipqqq the Insei (Demonspawn Gladiator)              Turns: 669, Time: 00:00:50

Health: -3/23      AC:  4    Str: 14    XL:     2   Next: 86%
Magic:  2/2        EV: 13    Int:  9    God:    Dithmenos [......]
Gold:   38         SH:  0    Dex: 14    Spells: 1/1 levels left

rFire    . . .     SeeInvis .     - Unarmed
rCold    . . .     Gourm    .   (no shield)
rNeg     . . .     Faith    .   a - +0 leather armour
rPois    .         Spirit   .   b - +0 helmet
rElec    .         Reflect  .   (no cloak)
rCorr    .         Harm     .   (no gloves)
MR       .....                  (no boots)
Stlth    +.........             (no amulet)
HPRegen  0.07/turn              (no ring)
MPRegen  0.08/turn              (no ring)

@: no status effects
A: talons 1
a: Renounce Religion


You were on level 2 of the Dungeon.
You worshipped Dithmenos.
Dithmenos was noncommittal.
You were not hungry.

You visited 1 branch of the dungeon, and saw 2 of its levels.

You collected 38 gold pieces.

Inventory:

Missiles
 c - 3 throwing nets (quivered)
Armour
 a - a +0 leather armour (worn)
 b - a +0 helmet (worn)
Scrolls
 e - a scroll of identify {unknown}
Comestibles
 d - 3 rations


   Skills:
 + Level 2.4 Fighting
 - Level 1.9 Throwing
 + Level 3.0 Dodging
 + Level 3.1 Unarmed Combat


You had one spell level left.
You didn't know any spells.
Your spell library was empty.

Dungeon Overview and Level Annotations

Branches:
Dungeon (2/15)

Altars:
Dithmenos


Innate Abilities, Weirdness & Mutations

You have sharp toenails.


Message History

A leopard gecko comes into view.
The leopard gecko hisses angrily.
The leopard gecko moves out of view.
Found a viscous yellow potion.
Found a stone staircase leading down.
The leopard gecko misses you. The giant cockroach barely misses you.
The leopard gecko closely misses you.
You see here a dagger.
The giant cockroach closely misses you. The giant cockroach bites you.
* * * LOW HITPOINT WARNING * * *
You see here a viscous yellow potion.
There is a stone staircase leading down here.
There are monsters nearby!
The leopard gecko misses you.
The giant cockroach bites you but does no damage.
The kobold hits you with a +0 whip.
* * * LOW HITPOINT WARNING * * *
The leopard gecko bites you.
You die...

..# ##### #######
##...## ......#
##.....## ......#
#.......#
......####.......#
..._.............#
...........)....##
##.##..###....gK.#
##....## #..>.sl@#
##.#### #.....s.#
...# ##.....##
.#.# ##...## #.
#####


You could see a scorpion, a leopard gecko, a giant cockroach, a hobgoblin and a
kobold.

Vanquished Creatures
  An adder (D:2)
  2 leopard geckos (D:2)
  2 hobgoblins
  A kobold (D:1)
  A quokka (D:2)
  2 bats
  4 goblins
  A rat (D:2)
14 creatures vanquished.

Notes
Turn   | Place    | Note
-------+----------+-------------------------------------------
     0 | D:1      | qipqqq the Demonspawn Gladiator began the quest for the
                  | Orb.
     0 | D:1      | Reached XP level 1. HP: 16/16 MP: 1/1
   249 | D:2      | Gained mutation: You have sharp toenails. [demonic
                  | ancestry]
   249 | D:2      | Reached XP level 2. HP: 6/22 MP: 2/2
   635 | D:2      | Noticed a scorpion
   647 | D:2      | Found a shadowy altar of Dithmenos.
   655 | D:2      | Became a worshipper of Dithmenos the Shadowed
   669 | D:2      | Slain by a leopard gecko

Levels and vault maps discovered:
D:1:      dpeg_arrival_rhombi, layout_basic, minmay_crystal_water
D:2:      layout_rooms, overflow_temple_1_default,
          lemuel_coloured_pillars_altar, first_ration

Skill      XL: |  1  2 |
---------------+-------+-----
Unarmed Combat | 3 |  3.1
Dodging        | 3 |  3.0
Fighting       | |  2.4
Throwing       | |  1.9

Action                   || total
-------------------------++-------
Melee: Unarmed           ||    69
       Kick              ||    10
Armor: Leather armour    ||    21
Dodge: Dodged            ||    48

Table legend:
 A = Non-vault XP
 B = Vault XP
 C = Vault XP percentage of total XP
 D = Non-vault monster count
 E = Vault monster count
 F = Vault count percentage of total count
                 A         B        C        D         E       F
            +---------+---------+-------+---------+---------+-------
      Total |      37 |       0 |   0.0 |      14 |       0 |   0.0
            +---------+---------+-------+---------+---------+-------
        D:1 |       6 |       0 |   0.0 |       4 |       0 |   0.0
        D:2 |      31 |       0 |   0.0 |      10 |       0 |   0.0
            +---------+---------+-------+---------+---------+-------
